AoeStats
← inc

MegaRandom

509374408Analyzed
3v3 RM · 7d ago on Sep 26, 2026· 111m 55s· 6 players
Game mode
Random Map
Map size
Normal (6 player)
Population
200
Speed
Normal
Resources
Standard
Victory
Conquest
Starting age
Dark Age
Ending age
Imperial Age
RankedLock teamsTeams togetherTeam positionsShared explorationLock speedFull tech treeHidden civsTurbo modeCheats
Victory
Defeat
🇪🇪 Britons · Estonia
1055
+14
🇪🇸 Malians · Spain
1010
+16
🇺🇸 Saracens · United States
1009
+16
🇺🇸 Danes · United States
1101
-20
🇭🇷 Britons · Croatia
958
-13
🇻🇳 Spanish · Vietnam
953
-13
Ålįšį Drakaina
10:50 Feudal Age
11:11 Horse Collar
11:21 Double-Bit Axe
13:29 Gold Mining
15:37 Scale Barding Armor
15:43 Forging
19:53 Castle Age
20:34 Bloodlines
20:34 Heavy Plow
23:06 Husbandry
24:34 Loom
29:06 Stone Mining
33:21 Wheelbarrow
36:23 Imperial Age
37:46 Conscription
38:52 Iron Casting
38:19 Murder Holes
38:09 Arrowslits
40:24 Chemistry
39:35 Masonry
40:12 Fletching
40:24 Padded Archer Armor
42:11 Light Cavalry
45:02 Heavy Camel Rider
47:38 Caravan
51:59 Bimaristan
54:00 Hand Cart
53:19 Hussar
58:37 Hoardings
63:54 Town Watch
69:50 Thumb Ring
73:34 Capped Ram
75:28 Elite Skirmisher
90:39 Bow Saw
92:05 Bodkin Arrow
101:00 Two-Man Saw
100:21 Man-at-Arms
100:46 Gambesons
101:01 Squires
105:30 Redemption
105:20 Devotion
105:41 Sanctity
107:46 Blast Furnace
106:46 Bracer
107:02 Leather Archer Armor
106:47 Scale Mail Armor
107:08 Chain Barding Armor
111:41 Ballistics
111:27 Siege Engineers
111:32 Spies/Treason
inc
5:01 Loom
10:29 Feudal Age
11:08 Double-Bit Axe
13:55 Fletching
19:10 Castle Age
18:00 Padded Archer Armor
19:34 Crossbowman
20:33 Bodkin Arrow
25:57 Gold Mining
29:14 Ballistics
35:34 Town Watch
37:13 Bow Saw
38:38 Wheelbarrow
42:08 Imperial Age
43:56 Chemistry
42:18 Arbalester
43:33 Conscription
44:28 Murder Holes
45:02 Hand Cart
46:10 Yeomen
48:09 Elite Skirmisher
49:53 Bracer
50:08 Leather Archer Armor
50:14 Warwolf
50:41 Light Cavalry
51:30 Scale Barding Armor
51:35 Forging
51:38 Husbandry
53:05 Gold Shaft Mining
87:56 Caravan
110:28 Iron Casting
110:24 Ring Archer Armor
110:14 Chain Barding Armor
111:19 Elite Longbowman
112:40 Hoardings
redchochorus
2:13 Loom
11:39 Feudal Age
13:24 Horse Collar
14:10 Gold Mining
15:36 Wheelbarrow
16:13 Double-Bit Axe
18:31 Castle Age
16:49 Stone Mining
23:55 Fletching
25:34 Wheelbarrow
26:19 Stone Shaft Mining
26:42 Hand Cart
26:15 Town Watch
26:48 Bodkin Arrow
34:30 Imperial Age
32:13 Squires
31:59 Arson
31:35 Pikeman
32:28 Forging
32:19 Scale Mail Armor
33:42 Tigui
34:26 Bow Saw
36:31 Hoardings
37:00 Conscription
36:55 Heavy Plow
37:16 Padded Archer Armor
37:32 Chain Mail Armor
37:54 Farimba
38:16 Scale Barding Armor
38:38 Masonry
38:24 Murder Holes
38:13 Treadmill Crane
39:28 Bloodlines
39:21 Husbandry
38:44 Heavy Camel Rider
41:09 Iron Casting
40:55 Chain Barding Armor
41:35 Plate Mail Armor
41:51 Elite Gbeto
44:02 Chemistry
43:34 Architecture
43:25 Ballistics
64:32 Light Cavalry
98:39 Elite Skirmisher
99:28 Thumb Ring
102:28 Man-at-Arms
103:40 Long Swordsman
104:53 Two-Handed Swordsman
105:41 Champion
Spicy Meatball
10:51 Feudal Age
10:27 Loom
17:40 Castle Age
18:35 Double-Bit Axe
18:44 Gold Mining
19:13 Fletching
20:55 Bloodlines
20:53 Bodkin Arrow
23:21 Ballistics
23:45 Husbandry
23:31 Pikeman
28:10 Scale Mail Armor
28:22 Forging
28:14 Squires
28:01 Gambesons
32:38 Thumb Ring
34:33 Padded Archer Armor
43:04 Imperial Age
56:44 Wheelbarrow
58:13 Halberdier
60:36 Bow Saw
61:29 Horse Collar
63:10 Chain Mail Armor
63:31 Iron Casting
64:20 Elite Jomsviking
67:38 Plate Mail Armor
67:31 Hand Cart
68:01 Arson
70:10 Blast Furnace
68:58 Hamask
77:29 Elite Skirmisher
78:16 Bracer
78:31 Leather Archer Armor
98:25 Heavy Plow
105:23 Northmen's Fury
106:14 Siege Engineers
sonhero3000
2:09 Loom
11:13 Feudal Age
13:37 Double-Bit Axe
17:28 Castle Age
16:14 Stone Mining
16:42 Horse Collar
21:05 Gold Mining
22:18 Bow Saw
25:30 Husbandry
27:18 Wheelbarrow
27:11 Heavy Plow
27:56 Bloodlines
30:05 Hand Cart
29:36 Town Watch
32:51 Scale Barding Armor
32:56 Forging
32:46 Scale Mail Armor
36:06 Imperial Age
34:42 Ballistics
35:01 Stone Shaft Mining
34:03 Pikeman
34:43 Squires
34:29 Gambesons
35:24 Iron Casting
35:38 Town Patrol
38:05 Chemistry
36:32 Halberdier
37:42 Chain Mail Armor
38:27 Blast Furnace
37:47 Chain Barding Armor
37:49 Block Printing
38:34 Guilds
38:25 Caravan
40:37 Conscription
39:38 Elite Conquistador
39:45 Elite Conquistador
43:13 Plate Mail Armor
43:18 Plate Barding Armor
53:00 Cavalier
53:18 Man-at-Arms
56:56 Long Swordsman
59:31 Two-Man Saw
59:14 Hoardings
59:15 Two-Handed Swordsman
59:55 Champion
63:24 Fletching
63:34 Padded Archer Armor
63:14 Elite Skirmisher
63:59 Thumb Ring
64:51 Bodkin Arrow
65:11 Leather Archer Armor
66:43 Bracer
67:13 Ring Archer Armor
66:38 Onager
67:57 Light Cavalry
69:48 Hussar
Dino
10:21 Feudal Age
11:01 Double-Bit Axe
12:01 Loom
13:07 Horse Collar
16:54 Fletching
17:24 Padded Archer Armor
22:25 Castle Age
22:29 Elite Skirmisher
23:05 Bodkin Arrow
23:26 Leather Archer Armor
25:09 Ballistics
25:56 Town Watch
29:19 Stone Mining
29:20 Gold Mining
31:30 Gold Shaft Mining
31:59 Town Patrol
33:16 Bow Saw
33:08 Heavy Plow
34:09 Wheelbarrow
37:29 Imperial Age
35:03 Crossbowman
36:05 Hand Cart
37:31 Yeomen
38:39 Conscription
38:23 Bracer
38:54 Ring Archer Armor
39:22 Arbalester
40:14 Masonry
41:35 Chemistry
43:27 Coinage
43:39 Architecture
43:55 Guilds
47:40 Warwolf
48:39 Scale Mail Armor
48:49 Forging
48:41 Squires
48:27 Gambesons
48:02 Man-at-Arms
49:52 Two-Man Saw
48:25 Pikeman
48:51 Arson
49:39 Chain Mail Armor
49:04 Pikeman
49:59 Halberdier
51:32 Iron Casting
51:39 Plate Mail Armor
50:39 Long Swordsman
51:58 Banking
51:49 Treadmill Crane
52:02 Two-Handed Swordsman
53:44 Blast Furnace
53:25 Hoardings
55:58 Champion
59:27 Elite Longbowman
73:18 Caravan
78:55 Siege Engineers
78:49 Onager
Connection lost

Rejoining the realm…

Still unreachable

The connection could not be restored.

Session expired

The server has moved on; the page needs a fresh start.